[Event "Live Chess"]
[Site "Chess.com"]
[Date "2024.06.02"]
[Round "-"]
[White "MaksymYurii"]
[Black "asingardenof"]
[Result "1-0"]
[WhiteElo "960"]
[BlackElo "621"]
[TimeControl "300"]
[EndTime "19:07:29 PDT"]
[Termination "MaksymYurii won by checkmate"]

1. e4 c6 2. Nf3 d5 3. exd5 cxd5 4. c4 Nc6 5. cxd5 Nb4 6. Nc3 Bg4 7. Be2 Nf6 8. O-O Bxf3 9. Bxf3 Qd6 10. a3 e5 11.
axb4 Be7 12. Ra4 O-O 13. Nb5 Qb6 14. d6 Bxd6 15. Nxd6 Qxd6 16. d3 Nd7 17. Bd2 a6 18. Bxb7 Ra7 19. Qf3 Nb6 20. Rxa6 Rxa6 21. Bxa6 Nd5 22.
Bc4 Nf6 23. Qg3 g6 24. Bh6 Nh5 25. Qf3 Re8 26. Bxf7+ Kh8 27. Bxe8 Qe7 28. Ra1 Qxe8 29. Ra8 Qxa8 30. Qxa8# 1-0

[Event "Live Chess"]
[Site "Chess.com"]
[Date "2024.06.02"]
[Round "-"]
[White "Frankie_Badacsonyi"]
[Black "GwaryTek"]
[Result "1-0"]
[WhiteElo "2413"]
[BlackElo "1915"]
[TimeControl "300"]
[EndTime "19:08:03 PDT"]
[Termination "Frankie_Badacsonyi won on time"]

1. Nf3 Nf6 2. e3 d6 3. b3 e5 4. Bb2 Be7 5. d4 Nbd7 6. c4 c6 7. Nc3 O-O 8. Be2 e4 9. Nd2 d5 10.
f3 exf3 11. Bxf3 dxc4 12. Nxc4 c5 13. O-O Nb6 14. Ne5 cxd4 15. exd4 Rb8 16. Kh1 Nbd5 17. Ne4 Ne3 18. Qe2 Nxf1 19. Rxf1 Bf5 20. Ng3 Bg6 21. h3 Bd6 22. Qe3 Re8 23. Qf4 Qb6 24. Nf5 Bxf5 25. Qxf5 Rbc8 26. Be2 Rf8 27. Bc4 Qc7 28. a4 a6 29. Qg5 b5 30. axb5 axb5 31. Bxb5 Qc2 32. Ba1 Ne4 33. Qe3 Bxe5 34. dxe5 Rc5 35. Bc4 1-0

[Event "Live Chess"]
[Site "Chess.com"]
[Date "2024.06.02"]
[Round "-"]
[White "KeithArkell"]
[Black "WelshTiger"]
[Result "0-1"]
[WhiteElo "2438"]
[BlackElo "2449"]
[TimeControl "300"]
[EndTime "19:08:32 PDT"]
[Termination "WelshTiger won by resignation"]

1. d4 d5 2. Nf3 Nf6 3. c4 dxc4 4. e3 Bg4 5. Bxc4 e6 6. h3 Bh5 7. Nbd2 Nbd7 8. a3 a6 9. b4 Bd6 10. Bb2 a5 11. Qb3 O-O 12. O-O Nb6 13. Be2 c6 14. Rfd1 Nfd5 15. Ne4 axb4 16. Nxd6 Qxd6 17. axb4 Qxb4 18. Qxb4 Nxb4 19. Rdb1 N6d5 20. e4 Nf4 21. Bd1 Bxf3 22. Bxf3 Nfd3 23. Bc3 Rxa1 24. Rxa1 b5 25. Ra7 g5 26. Bh5 Nc2 27. Rc7 b4 28. Bd2 Nxd4 29. Bxg5 b3 30. Rb7 b2 31. Bh6 Nb5 32. Bxf8 Kxf8 33.
Rxf7+ Kg8 0-1

[Event "Live Chess"]
[Site "Chess.com"]
[Date "2024.06.02"]
[Round "-"]
[White "ShanthamGrarks"]
[Black "Dhaydon19"]
[Result "0-1"]
[WhiteElo "1876"]
[BlackElo "2680"]
[TimeControl "300"]
[EndTime "19:09:50 PDT"]
[Termination "Dhaydon19 won on time"]

1. d4 d5 2. Nc3 e6 3. e4 dxe4 4. f3 Nd7 5. fxe4 b6 6. Nf3 Bb7 7. Bd3 Ngf6 8. Bg5 Be7 9. O-O c5 10. d5 exd5 11. e5 Ne4 12. Bxe7 Qxe7 13. Bxe4 dxe4 14.
Nb5 O-O 15. Nd2 Nxe5 16. Qh5 g6 17. Qh3 f5 18. Rad1 Rad8 19. Nb3 Ng4 20. c4 Ba6 21. a4 Bxb5 22. axb5 Rxd1 23. Rxd1 Rd8 24. Ra1 Qd6 25.
Rf1 Qd1 26. Qg3 Qxf1+ 27. Kxf1 Rd1+ 28. Ke2 Rd7 29. h3 Nf6 30. Qe5 Kf7 31. Nd2 e3 32. Nf3 Ne4 33. Kxe3 Re7 34. Qd5+ Kg7 35. Kf4 Kf6 36.
Nh2 h6 37. h4 g5+ 38. hxg5+ hxg5+ 39. Kf3 Re6 40. g4 Re5 41. Qd8+ Kf7 42. gxf5 Nf6 43. Qc7+ Re7 44. Qd6 Re4 45. Qc7+ Re7 46. Qd8 Rd7 47. Qh8 Rd3+ 48. Ke2 Rd4 49. Nf3 Re4+ 50. Kf2 Rf4 51.
Kg2 Ne4 52. Ne5+ Ke7 53. Qg7+ Kd6 54. Nf7+ Ke7 55. Nxg5+ Kd6 0-1

[Event "Live Chess"]
[Site "Chess.com"]
[Date "2024.06.02"]
[Round "-"]
[White "booktrunk"]
[Black "RafaelRony"]
[Result "1-0"]
[WhiteElo "1518"]
[BlackElo "1073"]
[TimeControl "300"]
[EndTime "19:09:52 PDT"]
[Termination "booktrunk won by resignation"]

1. d4 d5 2. Nc3 Nf6 3. Bf4 e6 4. Nb5 Na6 5. e3 c6 6. Nc3 Nc7 7. Nf3 Bd6 8. Be2 b6 9. O-O Bb7 10. Bxd6 Qxd6 11. a3 O-O 12. Re1 Rfe8 13. e4 dxe4 14.
Ne5 Ncd5 15. Bf1 Nxc3 16. bxc3 Rad8 17. a4 c5 18. Nc4 Qc7 19. Nb2 cxd4 20. cxd4 e5 21. Bb5 Rf8 22. Qc1 exd4 23. Nc4 a6 24.
Bxa6 Bxa6 25. Nb2 Rfe8 26. Qg5 h6 27. Qh4 Re5 28. Rac1 Rh5 29. Qg3 Rdd5 30. Qxc7 Rdg5 31. Qd8+ Kh7 32. Qxd4 Ng4 1-0

[Event "Live Chess"]
[Site "Chess.com"]
[Date "2024.06.02"]
[Round "-"]
[White "CheckThis4"]
[Black "educatedlad"]
[Result "1-0"]
[WhiteElo "2687"]
[BlackElo "1736"]
[TimeControl "300"]
[EndTime "19:10:04 PDT"]
[Termination "CheckThis4 won by resignation"]

1. d4 Nf6 2. Nc3 d5 3. e4 dxe4 4. f3 exf3 5. Nxf3 Bg4 6. h3 Bh5 7. g4 Bg6 8. Ne5 Nbd7 9. Qf3 Nxe5 10. dxe5 Nd7 11. e6 Ne5 12. Qxb7 c6 13. Bg2 fxe6 14.
Bf4 Nd7 15. Bxc6 Rc8 16. O-O-O Qc7 17. Bxc7 1-0

[Event "Live Chess"]
[Site "Chess.com"]
[Date "2024.06.02"]
[Round "-"]
[White "asingardenof"]
[Black "GwaryTek"]
[Result "0-1"]
[WhiteElo "621"]
[BlackElo "1915"]
[TimeControl "300"]
[EndTime "19:10:36 PDT"]
[Termination "GwaryTek won by resignation"]

1. e4 c5 2. Nf3 d6 3. Nc3 Nf6 4. Bc4 e6 5. O-O Nc6 6. d3 Be7 7.
Be3 d5 8. exd5 exd5 9. Bb3 d4 10.
Nxd4 cxd4 11. Bxd4 Qxd4 12. Ne2 Qh4 13. h3 O-O 14.
Ng3 Bd6 15. Qf3 Nd4 16. Qe3 Nxb3 17. axb3 Bf4 18. Qe4 Nxe4 19. Nxe4 Bxh3 0-1

[Event "Live Chess"]
[Site "Chess.com"]
[Date "2024.06.02"]
[Round "-"]
[White "grillage"]
[Black "MagnersCarlsberg2870"]
[Result "1-0"]
[WhiteElo "1868"]
[BlackElo "1801"]
[TimeControl "300"]
[EndTime "19:10:44 PDT"]
[Termination "grillage won by resignation"]

1. d4 Nf6 2. Nf3 b6 3. g3 Bb7 4.
Bg2 d5 5. O-O Nbd7 6. b3 e6 7.
Bb2 c5 8. c3 Bd6 9. Nbd2 h5 10.
h4 Ng4 11. Qc2 Qc7 12. e4 Bxg3 13. fxg3 Qxg3 14. Rae1 dxe4 15. Nxe4 Bxe4 16. Qxe4 O-O 17. Bc1 Ndf6 18. Qf4 Qxf4 19. Bxf4 Nd5 20. Bd2 cxd4 21. Nxd4 Rac8 22. c4 Ndf6 23. Nb5 Rfd8 24. Bg5 Rd2 25. Bxd2 1-0

[Event "Live Chess"]
[Site "Chess.com"]
[Date "2024.06.02"]
[Round "-"]
[White "gobbles19"]
[Black "juniortay"]
[Result "0-1"]
[WhiteElo "2263"]
[BlackElo "2428"]
[TimeControl "300"]
[EndTime "19:11:35 PDT"]
[Termination "juniortay won by resignation"]

1. Nf3 Nf6 2. c4 g6 3. d4 Bg7 4.
Nc3 d6 5. e4 O-O 6. h3 c5 7. d5 b5 8. cxb5 a6 9. Bd3 Qa5 10. Bd2 axb5 11. Nxb5 Qb6 12. a4 Ne8 13. Qc2 Nc7 14. O-O Ba6 15. Nxc7 Qxc7 16. Bc3 Nd7 17. Bxg7 Kxg7 18. Rfc1 Rfb8 19. Qc3+ Kg8 20. Bxa6 Rxa6 21. b4 Qa7 22. bxc5 Nxc5 23. Qe3 f6 24. Nd4 Nb3 25. Nc6 Qxe3 26. fxe3 Nxa1 27. Nxb8 Rb6 28. Rc8+ Kf7 29. Nc6 Rb1+ 30. Kf2 Rb2+ 31. Kf3 Nb3 32. Nd8+ Kg7 33.
Ne6+ Kh6 34. Rc7 Nd2+ 35. Kf4 g5+ 36. Kf5 Nf1 37. Rxe7 Nxe3+ 38. Kxf6 Rf2+ 0-1

[Event "Live Chess"]
[Site "Chess.com"]
[Date "2024.06.02"]
[Round "-"]
[White "CheckThis4"]
[Black "booktrunk"]
[Result "1-0"]
[WhiteElo "2687"]
[BlackElo "1518"]
[TimeControl "300"]
[EndTime "19:12:11 PDT"]
[Termination "CheckThis4 won by resignation"]

1. d4 b6 2. Nc3 Bb7 3. e4 e6 4. h4 h6 5. Bd3 Bb4 6. Ne2 Bxc3+ 7.
Nxc3 d6 8. Qg4 g6 9. e5 dxe5 10.
dxe5 h5 11. Qg3 Nd7 12. Bg5 Ne7 13. O-O-O Nf8 14. Bb5+ 1-0

[Event "Live Chess"]
[Site "Chess.com"]
[Date "2024.06.02"]
[Round "-"]
[White "RafaelRony"]
[Black "KeithArkell"]
[Result "0-1"]
[WhiteElo "1073"]
[BlackElo "2438"]
[TimeControl "300"]
[EndTime "19:12:18 PDT"]
[Termination "KeithArkell won by resignation"]

1. d4 e6 2. c4 Bb4+ 3. Bd2 Bxd2+ 4. Nxd2 Nf6 5. Ngf3 d6 6. g3 Qe7 7.
Bg2 e5 8. dxe5 dxe5 9. e4 Bg4 10. O-O Nc6 11. Qc2 Bxf3 12. Bxf3 O-O 13. Rac1 Nd4 14. Qd1 c5 15. Bg2 Rfd8 16. Nf3 Nxe4 17. Re1 Ng5 18.
Rxe5 Ngxf3+ 19. Bxf3 0-1

[Event "Live Chess"]
[Site "Chess.com"]
[Date "2024.06.02"]
[Round "-"]
[White "Mikhail_Golubev"]
[Black "IgorSchukin"]
[Result "1-0"]
[WhiteElo "2575"]
[BlackElo "1759"]
[TimeControl "300"]
[EndTime "19:13:18 PDT"]
[Termination "Mikhail_Golubev won by resignation"]

1. e4 c5 2. Nf3 e6 3. d4 cxd4 4. Nxd4 Nc6 5. Nc3 Qc7 6. Be3 a6 7. a3 Nf6 8. f4 d6 9. Qf3 Be7 10.
O-O-O Nxd4 11. Bxd4 e5 12. fxe5 dxe5 13. Qg3 Bg4 14.
Bxe5 Qc6 15. Bxf6 Bxd1 16. Bxe7 Bh5 17. Qxg7 Kd7 18. Bh4 Rhg8 19. Qd4+ Qd6 20. Nd5 Rae8 21. Nf6+ Kc6 22. Qxd6+ Kxd6 23. Nxe8+ Rxe8 24. Bd3 Rg8 25. g3 Re8 26. Rf1 Bg6 27. Rf6+ Kc5 28. c3 Bxe4 29. Bxe4 Rxe4 30. Rxf7 b5 31. Kd2 Kc4 32. Rf4 1-0

[Event "Live Chess"]
[Site "Chess.com"]
[Date "2024.06.02"]
[Round "-"]
[White "gobbles19"]
[Black "MagnersCarlsberg2870"]
[Result "0-1"]
[WhiteElo "2248"]
[BlackElo "1816"]
[TimeControl "300"]
[EndTime "19:15:10 PDT"]
[Termination "MagnersCarlsberg2870 won by resignation"]

1. e4 d6 2. d4 Nf6 3. Nc3 Nbd7 4. Be2 e5 5. d5 h6 6. Nf3 Be7 7. O-O g5 8. Ne1 Nf8 9. Be3 Ng6 10. g3 Bh3 11. Ng2 Rg8 12. Bb5+ Kf8 13. Kh1 Bxg2+ 14. Kxg2 Nf4+ 15. Kh1 Qc8 16. gxf4 gxf4 17. Bd2 Qh3 18.
Rg1 f3 19. Qf1 Ng4 20. Rxg4 Qxf1+ 21. Rxf1 Rxg4 22. Bxh6+ Kg8 23. h3 Rh4 24. Be3 Rxh3+ 25. Kg1 Kh7 0-1

[Event "Live Chess"]
[Site "Chess.com"]
[Date "2024.06.02"]
[Round "-"]
[White "grillage"]
[Black "Cruiseylee78"]
[Result "0-1"]
[WhiteElo "1856"]
[BlackElo "1689"]
[TimeControl "300"]
[EndTime "19:17:52 PDT"]
[Termination "Cruiseylee78 won by checkmate"]

1. d4 f5 2. Bg5 h6 3. Bh4 g5 4. Bg3 f4 5. e3 h5 6. Bd3 e6 7.
Bg6+ Ke7 8. exf4 h4 9. Qg4 hxg3 10. Qxg5+ Nf6 11. fxg3 Bh6 12. Qc5+ d6 13. Qc4 Qg8 14. Qxc7+ Nbd7 15. f5 exf5 16. Bxf5 Qg5 17. Bd3 Qc1+ 18. Kf2 Ng4+ 19. Kf3 Rf8+ 20. Kxg4 Qg5+ 21. Kh3 Qh5# 0-1

[Event "Live Chess"]
[Site "Chess.com"]
[Date "2024.06.02"]
[Round "-"]
[White "booktrunk"]
[Black "gobbles19"]
[Result "0-1"]
[WhiteElo "1518"]
[BlackElo "2248"]
[TimeControl "300"]
[EndTime "19:17:53 PDT"]
[Termination "gobbles19 won by resignation"]

1. d4 Nf6 2. Nc3 d6 3. e4 g6 4. Nf3 Bg7 5. Bd3 Na6 6. O-O O-O 7. Bxa6 bxa6 8. a3 Rb8 9. b3 Bb7 10. e5 dxe5 11. dxe5 Ng4 12. Qxd8 Rfxd8 13. Bf4 Bxf3 14. gxf3 Nxe5 15. Rfd1 Nxf3+ 0-1

[Event "Live Chess"]
[Site "Chess.com"]
[Date "2024.06.02"]
[Round "-"]
[White "IgorSchukin"]
[Black "asingardenof"]
[Result "1-0"]
[WhiteElo "1759"]
[BlackElo "621"]
[TimeControl "300"]
[EndTime "19:18:06 PDT"]
[Termination "IgorSchukin won by resignation"]

1. e4 c6 2. d4 d5 3. Nc3 Nf6 4.
e5 Ne4 5. Nxe4 dxe4 6. Bc4 e6 7.
Ne2 Be7 8. O-O O-O 9. Ng3 f5 10. exf6 Bxf6 11. c3 Nd7 12. Nxe4 Be7 13. Bxe6+ Kh8 14.
Qh5 Nf6 15. Nxf6 Bxf6 16. Bxc8 Qxc8 17. Bg5 Bxg5 18. Qxg5 h6 19. Qg3 Qd7 20. Rae1 Rae8 21. f4 Rxe1 22. Rxe1 Re8 23. Rxe8+ Qxe8 24. f5 g5 25.
fxg6 h5 26. g7+ Kg8 27. h4 Qe2 28. Qb8+ Kxg7 29. Qxb7+ Kg6 30. Qxc6+ Kf5 31. Qf3+ Ke6 32. Qxe2+ Kd5 33. Qe5+ 1-0

[Event "Live Chess"]
[Site "Chess.com"]
[Date "2024.06.02"]
[Round "-"]
[White "Dhaydon19"]
[Black "NeilDruggan73"]
[Result "1-0"]
[WhiteElo "2683"]
[BlackElo "1778"]
[TimeControl "300"]
[EndTime "19:18:20 PDT"]
[Termination "Dhaydon19 won on time"]

1. g3 Nf6 2. Bg2 g6 3. c4 Bg7 4. Nc3 c6 5. Nf3 O-O 6. O-O d6 7. d4 Bg4 8. Qc2 Qc8 9. Rd1 Bh3 10. Bg5 Bxg2 11. Kxg2 h6 12. Bxf6 exf6 13. e3 Nd7 14.
Ne4 Qc7 15. Rac1 Rae8 16. b4 b6 17. Nc3 f5 18. a4 Nf6 19. b5 c5 20. dxc5 dxc5 21.
Nd5 Nxd5 22. Rxd5 Rd8 23. Rcd1 Rxd5 24. Rxd5 Rd8 25. Qd3 Rxd5 26. Qxd5 Kh7 27. h4 Bf6 28. h5 Qe7 29. hxg6+ fxg6 30. Nd2 Bc3 31. Nf3 Kg7 32. Kf1 Kf6 33. Ke2 Qe4 34. Qd8+ Qe7 35. Qh8+ Qg7 36. Qc8 Qe7 37. Nh4 Kg7 38. Qc6 Bf6 39. Ng2 g5 40.
Ne1 Qe5 41. Qd7+ Kg6 42. Qd3 h5 43. Ng2 h4 44. gxh4 gxh4 45. Nf4+ Kh6 46. Qd7 Kg5 47. Qf7 Qb2+ 48. Kf3 1-0

[Event "Live Chess"]
[Site "Chess.com"]
[Date "2024.06.02"]
[Round "-"]
[White "RafaelRony"]
[Black "ShanthamGrarks"]
[Result "0-1"]
[WhiteElo "1073"]
[BlackElo "1876"]
[TimeControl "300"]
[EndTime "19:21:10 PDT"]
[Termination "ShanthamGrarks won on time"]

1. Nf3 Nc6 2. g3 g6 3. Bg2 Bg7 4. d4 Nf6 5. O-O b6 6. Ne5 Bb7 7. c4 O-O 8. Nc3 Rb8 9. Nf3 e6 10. Qc2 d5 11. cxd5 exd5 12. Rd1 Re8 13. Bg5 h6 14.
Bd2 Ne4 15. Qb3 Nxd2 16. Rxd2 Na5 17. Qc2 Nc4 18. Rdd1 c6 19. b3 Nd6 20. a4 Rc8 21.
Rac1 c5 22. dxc5 Rxc5 23. Qd3 Bxc3 24. Rxc3 Rxc3 25. Qxc3 Rxe2 26. Nd4 Re7 27. Qc1 Kg7 28. Qc3 Kh7 29. Qb2 Ne4 30. Nc2 Qd6 31. Bxe4 Rxe4 32. Qb1 Qf6 33. Ne3 d4 34. Nc4 Qf3 35. Qd3 Re1+ 0-1

[Event "Live Chess"]
[Site "Chess.com"]
[Date "2024.06.02"]
[Round "-"]
[White "Mikhail_Golubev"]
[Black "CheckThis4"]
[Result "0-1"]
[WhiteElo "2569"]
[BlackElo "2693"]
[TimeControl "300"]
[EndTime "19:21:36 PDT"]
[Termination "CheckThis4 won by resignation"]

1. e4 c5 2. Nf3 Nc6 3. Nc3 g6 4.
d4 cxd4 5. Nxd4 Bg7 6. Be3 Nf6 7. Nxc6 bxc6 8. e5 Nd5 9. Nxd5 cxd5 10. Qxd5 Rb8 11.
O-O-O Bb7 12. Qd2 Bc6 13. Bd4 O-O 14. f4 Qc7 15. h4 h5 16. Rh3 Rfc8 17. Ra3 Be4 18. Bd3 Qc6 19. Rc3 Qd5 20. Bxe4 Qxe4 21. Rxc8+ Rxc8 22. c3 Rc6 23. g3 d6 24. Qd3 Qd5 25.
exd6 Rxd6 26. Kb1 Bxd4 27. cxd4 e6 28. a3 Rb6 29. Rc1 Rb3 30. Rc3 Qh1+ 31. Ka2 Rb8 32. Qc4 Qg2 33. Rb3 Rd8 34. Rb7 Qxb7 0-1

[Event "Live Chess"]
[Site "Chess.com"]
[Date "2024.06.02"]
[Round "-"]
[White "IgorSchukin"]
[Black "booktrunk"]
[Result "1-0"]
[WhiteElo "1762"]
[BlackElo "1515"]
[TimeControl "300"]
[EndTime "19:22:20 PDT"]
[Termination "IgorSchukin won by resignation"]

1. e4 b6 2. Nc3 Bb7 3. d4 e6 4.
Bd3 h6 5. Nf3 Nf6 6. O-O Bb4 7.
Re1 O-O 8. h3 Bxc3 9. bxc3 d6 10.
Bf4 Nbd7 11. Qd2 e5 12. Bxh6 gxh6 13. Qxh6 Qe7 14. Ng5 Rfd8 15. Re3 Nf8 16. Rg3 Ng6 17. Nxf7 Kxf7 18. Rxg6 Ke8 19. Rxf6 Kd7 20. Qg6 Kc8 21.
Rf7 Qe8 22. Qg7 Rd7 23. Rf8 1-0

[Event "Live Chess"]
[Site "Chess.com"]
[Date "2024.06.02"]
[Round "-"]
[White "educatedlad"]
[Black "RafaelRony"]
[Result "1-0"]
[WhiteElo "1736"]
[BlackElo "1073"]
[TimeControl "300"]
[EndTime "19:22:31 PDT"]
[Termination "educatedlad won by resignation"]

1. e4 e6 2. Ne2 d5 3. d3 dxe4 4. dxe4 Qxd1+ 5. Kxd1 e5 6. Nbc3 Nc6 7. Nd5 Be6 8.
Nxc7+ Kd8 9. Nxa8 Kc8 10. Nc3 Kb8 11. Nb6 axb6 12. Be3 Bb4 13. Bxb6 Bxc3 14. bxc3 1-0

[Event "Live Chess"]
[Site "Chess.com"]
[Date "2024.06.02"]
[Round "-"]
[White "KeithArkell"]
[Black "GwaryTek"]
[Result "1-0"]
[WhiteElo "2439"]
[BlackElo "1914"]
[TimeControl "300"]
[EndTime "19:23:14 PDT"]
[Termination "KeithArkell won on time"]

1. d4 Nf6 2. Nf3 d5 3. c4 c6 4. Nc3 e6 5. cxd5 exd5 6. Qc2 Bd6 7. Bg5 Bg4 8. Ne5 Bh5 9. e3 Bg6 10. Bd3 Nbd7 11. Nxd7 Qxd7 12. Bxf6 gxf6 13. O-O O-O-O 14.
Rac1 Kb8 15. a3 Rhg8 16. g3 Qh3 17. Ne2 h5 18. Nf4 Bxf4 19. exf4 h4 20. Rce1 Rg7 21.
Bxg6 Rxg6 22. Re3 Rh8 23. Rfe1 hxg3 24. fxg3 Qg4 25. Re8+ Rxe8 26. Rxe8+ 1-0

[Event "Live Chess"]
[Site "Chess.com"]
[Date "2024.06.02"]
[Round "-"]
[White "gobbles19"]
[Black "grillage"]
[Result "1-0"]
[WhiteElo "2250"]
[BlackElo "1854"]
[TimeControl "300"]
[EndTime "19:24:18 PDT"]
[Termination "gobbles19 won by resignation"]

1. Nf3 Nf6 2. c4 c5 3. g3 Nc6 4. Bg2 g6 5. O-O Bg7 6. d4 cxd4 7. Nxd4 Nxd4 8. Qxd4 O-O 9. Nc3 d6 10. e4 Be6 11. Qd3 a6 12. Be3 Qc7 13. Nd5 Bxd5 14. exd5 Ng4 15. Bd4 Bxd4 16. Qxd4 Nf6 17. Rfe1 Rfe8 18.
Rac1 Rac8 19. b4 a5 20. a3 axb4 21. axb4 Ra8 22. c5 Ra2 23. Qc4 Rea8 24. Re2 Rxe2 25. Qxe2 dxc5 26. bxc5 Ra5 27. Qc4 h5 28. c6 bxc6 29.
dxc6 Ne8 30. Re1 e6 31. Rd1 Qb6 32. Qh4 Nc7 33. Qe7 Nd5 34. Bxd5 exd5 35. c7 Rc5 36.
Qd8+ Kg7 37. c8=Q 1-0

[Event "Live Chess"]
[Site "Chess.com"]
[Date "2024.06.02"]
[Round "-"]
[White "booktrunk"]
[Black "Dhaydon19"]
[Result "0-1"]
[WhiteElo "1515"]
[BlackElo "2683"]
[TimeControl "300"]
[EndTime "19:26:41 PDT"]
[Termination "Dhaydon19 won by resignation"]

1. e4 e6 2. d4 d5 3. exd5 exd5 4. Nf3 Nf6 5. Bd3 Be7 6. O-O O-O 7. Ne5 c6 8. Qf3 Nbd7 9. Nxd7 Bxd7 10. Bf5 Re8 11. Bxd7 Qxd7 12. Nc3 Bd6 13. Bf4 Bxf4 14. Qxf4 Ne4 15.
Nxe4 Rxe4 16. Qd2 Rae8 17. c3 Re2 18. Qc1 Qd6 19. Rb1 a5 20. Qg5 h6 21. Qg3 Qe7 22. Qd3 a4 23. a3 b5 24. h3 Qg5 25. Qf3 Qg6 26. Kh2 h5 27. Qg3 Qf5 28. Qc7 R8e6 29.
Qc8+ Kh7 30. Qc7 Rg6 31. Qd8 Rxf2 32. Rxf2 Qxf2 33. Rg1 Rg3 34. Qh4 Rxg2+ 0-1

[Event "Live Chess"]
[Site "Chess.com"]
[Date "2024.06.02"]
[Round "-"]
[White "NeilDruggan73"]
[Black "MagnersCarlsberg2870"]
[Result "1-0"]
[WhiteElo "1787"]
[BlackElo "1807"]
[TimeControl "300"]
[EndTime "19:28:54 PDT"]
[Termination "NeilDruggan73 won on time"]

1. d4 Nf6 2. Bg5 Ne4 3. h4 Nxg5 4. hxg5 c6 5. Nf3 Qb6 6. Nbd2 Qxb2 7. e3 d5 8. Rb1 Qxa2 9. g6 fxg6 10. Ne5 Nd7 11.
Nxg6 Rg8 12. Rxh7 Nf6 13. Rh4 Bf5 14. Bd3 Bxd3 15. cxd3 O-O-O 16. Ra1 Qb2 17. Rxa7 Kb8 18. Ra1 e6 19. Rb1 Qa3 20. Rb3 Qa5 21. Qb1 b5 22. Ke2 Nd7 23. Qc1 Kb7 24. Qb2 Qb6 25. Rh1 Bd6 26. f4 Ra8 27. Rc1 Ra4 28. Qc2 Rga8 29. Kf3 Ra2 30. Rb2 Rxb2 31. Qxb2 Ba3 32. Qc2 Bxc1 33.
Qxc1 Ra2 34. Nb3 Qa6 35. Nf8 Ra3 36. Nxd7 Kc8 37. Nbc5 Qa5 38. Ne5 Ra1 39. Qc2 Rf1+ 40. Kg4 Qe1 41. Nxe6 Qd1+ 42. Qxd1 Rxd1 43. g3 b4 44. Nxc6 b3 45. Na7+ Kb8 46. Nb5 b2 47. Na3 b1=Q 48. Nxb1 Rxb1 49. Nxg7 Rb3 50. Ne6 Rxd3 51.
Nc5 Rxe3 52. f5 Re8 53. Kf4 Kc7 54. g4 Kd6 55. g5 Ke7 56. f6+ Kf7 57. Kf5 Re1 58.
g6+ Kf8 59. Ne6+ Rxe6 60. Kxe6 Ke8 61. g7 Kd8 62. g8=Q+ Kc7 63. Qf7+ Kb6 64. Qd7 Ka5 65. Qxd5+ Kb4 66. Qc5+ Kb3 67. d5 Kb2 68. Ke5 Kb3 69. Ke4 Kb2 70. Kd3 1-0

[Event "Live Chess"]
[Site "Chess.com"]
[Date "2024.06.02"]
[Round "-"]
[White "RafaelRony"]
[Black "gobbles19"]
[Result "0-1"]
[WhiteElo "1064"]
[BlackElo "2250"]
[TimeControl "300"]
[EndTime "19:30:42 PDT"]
[Termination "gobbles19 won by resignation"]

1. e4 d6 2. d4 Nf6 3. Bd3 g6 4. Nf3 Bg7 5. c4 Na6 6. Nc3 c5 7. d5 Nc7 8. a3 e6 9. O-O O-O 10. Re1 exd5 11. exd5 Bg4 12. h3 Bxf3 13. Qxf3 Nd7 14.
Bf4 Ne5 15. Bxe5 Bxe5 16. Bc2 f5 17. Rad1 Ne8 18. b4 b6 19. Re3 Rc8 20. Bb3 Nf6 21.
Rde1 Nh5 22. Qd1 Qf6 23. Qc2 Nf4 24. Ne2 Nxe2+ 25. R3xe2 Qg5 26. Qc1 f4 27. g3 Qf6 28.
Kh2 fxg3+ 29. fxg3 Qf3 30. Qe3 Bxg3+ 31. Kg1 0-1

[Event "Live Chess"]
[Site "Chess.com"]
[Date "2024.06.02"]
[Round "-"]
[White "ShanthamGrarks"]
[Black "Mikhail_Golubev"]
[Result "1-0"]
[WhiteElo "1896"]
[BlackElo "2553"]
[TimeControl "300"]
[EndTime "19:30:56 PDT"]
[Termination "ShanthamGrarks won on time"]

1. d4 d6 2. Nc3 g6 3. Nf3 Bg7 4. e4 Nf6 5. Be3 O-O 6. Be2 Bg4 7. h3 Bxf3 8. Bxf3 e5 9. dxe5 dxe5 10. Qxd8 Rxd8 11.
Bg5 c6 12. O-O Na6 13. Rfd1 h6 14. Bh4 Nb4 15. Rac1 Rxd1+ 16. Bxd1 Rd8 17. a3 Na6 18. b4 Nc7 19. Bg4 h5 20. Bf3 Ne6 21. Rd1 Nd4 22. Kf1 Re8 23. Be2 Nxc2 24. Bxf6 Bxf6 25. Rd7 Re7 26. Rxe7 Bxe7 27. Nb1 b5 28. Bd3 Nd4 29.
f3 c5 30. bxc5 Bxc5 31. Nc3 a6 32. a4 b4 33. Nb1 b3 34. Bc4 Bb4 35. Bxa6 h4 36.
Bc4 b2 37. Kf2 Kf8 38. Ke3 Ke7 39. Kd3 f5 40. exf5 gxf5 41. Ba2 Kd6 42. Nd2 Bxd2 43. Kxd2 e4 44. fxe4 fxe4 45. Ke3 Ke5 46. a5 Nc2+ 47.
Kd2 Na3 48. Kc3 e3 49. Kd3 Kf4 50. Ke2 Ke4 51. a6 Nb5 52. Bb1+ Kd4 53. Bd3 Nc3+ 54.
Kf3 Kxd3 55. a7 b1=Q 56. a8=Q Ne2 57. Qe4+ 1-0

[Event "Live Chess"]
[Site "Chess.com"]
[Date "2024.06.02"]
[Round "-"]
[White "educatedlad"]
[Black "KeithArkell"]
[Result "1/2-1/2"]
[WhiteElo "1744"]
[BlackElo "2431"]
[TimeControl "300"]
[EndTime "19:31:08 PDT"]
[Termination "Game drawn - insufficient material"]

1. d4 e6 2. c4 Bb4+ 3. Bd2 Bxd2+ 4. Qxd2 Nf6 5. Nc3 d6 6. Nf3 Qe7 7. e4 e5 8. dxe5 dxe5 9. Nd5 Nxd5 10. Qxd5 Nc6 11.
Be2 Be6 12. Qd2 Rd8 13. Qc2 Bg4 14. O-O Bxf3 15. Bxf3 O-O 16. Rad1 Rd4 17. Rxd4 Nxd4 18. Qc3 Rd8 19. b3 Qf6 20. Qe3 c5 21. Rd1 Rd6 22. h3 g6 23. Bg4 h6 24. Qxh6 a6 25. Qe3 b5 26. Be2 Qf4 27. Qxf4 exf4 28. Bd3 b4 29. g3 fxg3 30. fxg3 Kg7 31. Kf2 Kf6 32.
Re1 Ke5 33. Ke3 f6 34. h4 Rd8 35. Rf1 a5 36. g4 Rh8 37. Rh1 Ne6 38. h5 Rh6 39.
Be2 Nf4 40. Bf3 a4 41. hxg6 Rxg6 42. bxa4 Rg8 43. Rh7 Rd8 44. Re7+ Kd6 45. Rb7 Ke6 46.
Kxf4 Rd3 47. Rb6+ Ke7 48. Rb5 Ra3 49. Rxc5 Rxa4 50. Rb5 Kd6 51. Bd1 Rxa2 52. Rxb4 Rd2 53.
Bf3 Kc5 54. Rb5+ Kxc4 55. Rf5 Rd6 56. g5 fxg5+ 57. Rxg5 Rf6+ 58. Rf5 Rh6 59. Kg5 Re6 60. e5 Kd4 61. Bg4 Rxe5 62. Rxe5 Kxe5 1/2-1/2

[Event "Live Chess"]
[Site "Chess.com"]
[Date "2024.06.02"]
[Round "-"]
[White "KGreenGator"]
[Black "RafaelRony"]
[Result "1-0"]
[WhiteElo "1790"]
[BlackElo "1064"]
[TimeControl "300"]
[EndTime "19:31:54 PDT"]
[Termination "KGreenGator won by resignation"]

1. c4 e6 2. Nc3 d5 3. cxd5 e5 4. e4 Be6 5. dxe6 Qxd2+ 6. Qxd2 Nf6 7. exf7+ Ke7 8. Bc4 Na6 9. Nd5+ Nxd5 10. Qxd5 Nb4 11. Qe6+ 1-0

[Event "Live Chess"]
[Site "Chess.com"]
[Date "2024.06.02"]
[Round "-"]
[White "CheckThis4"]
[Black "IgorSchukin"]
[Result "1-0"]
[WhiteElo "2693"]
[BlackElo "1762"]
[TimeControl "300"]
[EndTime "19:32:12 PDT"]
[Termination "CheckThis4 won on time"]

1. d4 d5 2. Nc3 Nf6 3. e4 dxe4 4. f3 exf3 5. Nxf3 Bg4 6. h3 Bxf3 7. Qxf3 c6 8. Be3 Nd5 9. Bc4 e6 10. O-O Qc7 11.
Bxd5 exd5 12. Bf4 Qd7 13. Rae1+ Be7 14. Bxb8 Rxb8 15. Qxf7+ Kd8 16. Qxg7 Re8 17. Rf7 Qd6 18. Qxh7 Rc8 19. Re5 Rc7 20. Qf5 Rd7 21. a3 a5 22.
Na4 Qc7 23. Nc5 Bxc5 24. Rxd7+ Qxd7 25. Rxe8+ Qxe8 26. dxc5 Qe3+ 27. Qf2 Qc1+ 28. Kh2 Qxb2 29. Qf8+ Kc7 30. Qd6+ Kc8 31. h4 Qxc2 32. h5 Qe4 33. Qf8+ Kc7 34. Qg7+ Kc8 35. Qg5 d4 36. h6 d3 37. Kh3 Qe6+ 38. Kh4 Qe4+ 39. Kh5 Qe2+ 40. Kh4 Qe4+ 41. Kh3 Qe6+ 42. g4 Qe2 43. Qf5+ Kd8 44. h7 Qe3+ 45. Kg2 Qe2+ 46. Kg3 Qe3+ 47. Kh4 Qh6+ 48. Qh5 Qf6+ 49. Qg5 Qxg5+ 50. Kxg5 d2 51. h8=Q+ Ke7 52. Qf6+ Ke8 53. Qe6+ Kf8 54. Qd6+ 1-0